 Dungeon Crawl Stone Soup version 0.18.1-48-g4cf74bf (webtiles) character file.

207 MistressOfTheDunes the Insei (level 5, -8/43 HPs)
             Began as a Mummy Monk on June 27, 2016.
             Killed by divine providence
             ... invoked by an orc priest
              (13 damage)
             ... on level 3 of the Dungeon.
             The game lasted 00:04:45 (5492 turns).

MistressOfTheDunes the Insei (Mummy Monk)           Turns: 5492, Time: 00:04:46

Health: -8/43      AC:  1    Str: 14    XL:     5   Next: 54%
Magic:  5/5        EV: 13    Int: 10    God:
Gold:   173        SH:  0    Dex: 15    Spells: 0 memorised, 4 levels left

rFire  x . .     SeeInvis .       - Unarmed
rCold  + . .     Gourm    .     (no armour)
rNeg   + + +     Faith    .     (no shield)
rPois  ∞         Spirit   .     (no helmet)
rElec  .         Dismiss  .     c - +0 cloak
rCorr  .         Reflect  .     (no gloves)
SustAt .         Harm     .     (no boots)
MR     .....                    (no amulet)
Stlth  ++........               (no ring)
                                (no ring)

@: not resistant to hostile enchantments, unstealthy
A: no food or potions, fire vulnerability, cold resistance 1, negative energy
resistance 3, torment resistance, unbreathing
a: no special abilities


You were on level 3 of the Dungeon.
You were not hungry.

You visited 1 branch of the dungeon, and saw 3 of its levels.

You collected 173 gold pieces.


Innate Abilities, Weirdness & Mutations

You do not eat or drink.
Your flesh is vulnerable to fire.
You are immune to poison.
Your flesh is cold resistant.
You are immune to negative energy.
You are immune to unholy pain and torment.
You can survive without breathing.


   Skills:
 + Level 4.4 Fighting
 - Level 2.4 Dodging
 - Level 1.5 Stealth
 - Level 5.0 Unarmed Combat


You had 4 spell levels left.
You didn't know any spells.

Inventory:

Armour
 c - a +0 cloak (worn)
Scrolls
 a - a scroll of recharging {unknown}
 b - a scroll of fear {unknown}
 d - a scroll of noise {unknown}
 e - a scroll of enchant armour {unknown}
 f - 2 scrolls of remove curse {unknown}
 g - a scroll of identify {unknown}

Dungeon Overview and Level Annotations

Branches:
Dungeon (3/15)

Altars:
Dithmenos
Fedhas
Kikubaaqudgha
Ru
Yredelemnul

.▒▒▒...▒
▒▒▒▒▒▒...............▒
(▒ ▒▒..▒
▒▒▒.........%..▒▒ .▒
▒...▒ ▒▒.▒...▒▒...▒▒
▒▒ ▒[..▒▒ ▒....▒▒▒▒▒▒▒
▒ ▒.▒..▒▒▒▒▒ ▒.▒▒▒▒ ▒
▒o▒▒r.K..▒▒ ▒....▒ ▒▒
▒.▒▒▒▒▒▒..▒ ▒▒▒▒.▒▒..▒
.▒ ▒r▒ ▒▒.▒▒▒.(..▒
.... .▒▒▒.▒ ▒..orM▒▒▒▒
▒▒▒▒ .▒▒K.▒▒▒ ▒▒..o▒▒
.......▒▒ ▒.....▒
▒.▒.▒▒..▒ ▒.▒▒▒.▒▒
▒.▒(▒▒▒.▒▒▒▒.▒ ▒..▒
▒.▒.▒ ▒....▒.▒▒▒▒.▒▒▒▒
▒...▒ ▒▒▒▒......▒....▒
▒▒..▒ ▒▒▒.▒▒...▒▒.▒
▒.(▒ ▒.▒▒▒▒.▒▒.▒▒▒


You could see an orc priest, an orc and a quokka.


Message History

You beat the orc priest but do no damage!
The orc priest is heavily wounded!
The orc priest casts a cantrip, but nothing happens!
The quokka barely misses you!
You squash the orc priest but do no damage!
The orc priest is heavily wounded!
The quokka bites you! * * * don't die
* * * The orc priest looks braver for a moment!
You pummel the orc priest but do no damage!
The orc priest is heavily wounded!
The quokka bites you! * * * don't die
* * * The orc priest hits you with a short sword! * * * don't die
* * * You beat the orc priest but do no damage!
The orc priest is heavily wounded!
The quokka misses you! The orc priest misses you! The quokka misses you!
You closely miss the orc priest! Your punch misses the orc priest!
The orc priest is heavily wounded!
The orc priest completely misses you! The quokka closely misses you!
You pummel the orc priest but do no damage!
The orc priest is heavily wounded!
The orc priest barely misses you! The quokka bites you! * * * don't die
* * * You completely miss the orc priest!
The orc priest is heavily wounded!
The orc priest invokes the aid of Beogh against you!
Beogh smites you!!! rip

Action                   |  1- 3 |  4- 6 || total
-------------------------+-------+-------++-------
Melee: Unarmed           |   160 |   217 ||   377
       Punch             |     6 |     2 ||     8
 Stab: Sleeping          |     6 |       ||     6
Armor: Skin              |     2 |    16 ||    18
Dodge: Dodged            |    85 |   169 ||   254

Vault maps used:
D:1:      lemuel_arrival_lava_pool, serial_bayou_pond_a, minmay_box_of_dots
D:2:      old_standard_altar, marbit_many_paths,
          yredelemnul_forgotten_temple_becter, grunt_temple_overflow_open
D:3:      lemuel_coloured_pillars_altar, first_bread,
          nicolae_qazlal_eye_of_the_storm

Notes
Turn   | Place    | Note
--------------------------------------------------------------
     0 | D:1      | MistressOfTheDunes the Mummy Monk began the quest for the Orb.
     0 | D:1      | Reached XP level 1. HP: 18/18 MP: 1/1
    83 | D:1      | HP: 1/18 [rat (2)]
   535 | D:1      | Reached XP level 2. HP: 19/24 MP: 2/2
  1086 | D:1      | Reached skill level 4 in Unarmed Combat
  1573 | D:1      | Reached XP level 3. HP: 23/29 MP: 3/3
  1807 | D:2      | Found a shadowy altar of Dithmenos.
  2050 | D:2      | Found an ancient bone altar of Kikubaaqudgha.
  2054 | D:2      | Found a sacrificial altar of Ru.
  2721 | D:2      | Found a basalt altar of Yredelemnul.
  2864 | D:2      | Found a blossoming altar of Fedhas.
  2879 | D:2      | Reached XP level 4. HP: 33/35 MP: 4/4
  3897 | D:2      | Reached skill level 5 in Unarmed Combat
  4379 | D:2      | Reached XP level 5. HP: 10/41 MP: 5/5
  4840 | D:3      | Reached skill level 4 in Fighting
  5491 | D:3      | HP: 4/43 [quokka (4)]
  5492 | D:3      | Killed from afar by an orc priest

Vanquished Creatures
  A hound zombie (D:2)
  4 gnolls (D:2)
  6 adders
  2 oozes
  3 worms
  A dart slug (D:2)
  2 giant geckos
  2 orcs
  4 bats
  3 giant cockroaches
  11 goblins
  11 hobgoblins
  6 jackals (D:3)
  9 kobolds
  A quokka (D:3)
  A giant newt (D:3)
  11 rats
  A spectral orc (D:2)
79 creatures vanquished.
